 Dungeon Crawl Stone Soup version 0.29.1-2-gbd0b4ee654 (webtiles) character file.

Game seed: 13232940607908026452

317 GreyOathDragon the Trooper (level 6, 0/48 HPs)
             Began as a Demonspawn Fighter on Nov 30, 2022.
             Splashed by a jelly's acid (9 damage)
             ... on level 4 of the Dungeon.
             The game lasted 00:15:09 (886 turns).

GreyOathDragon the Trooper (Demonspawn Fighter)      Turns: 886, Time: 00:15:11

Health: 0/48       AC:  8    Str: 18    XL:     6   Next: 20%
Magic:  6/6        EV:  9    Int: 10    God:
Gold:   50         SH:  4    Dex: 12    Spells: 5/5 levels left

rFire   . . .      SeeInvis .   a - +0 flail (drain)
rCold   . . .      Faith    .   c - +0 buckler
rNeg    . . .      Spirit   .   b - +0 scale mail
rPois   .          Reflect  .   (no helmet)
rElec   .          Harm     .   (no cloak)
rCorr   .          Rampage  .   (no gloves)
Will    .....                   (no boots)
Stlth   ..........              (no amulet)
HPRegen 0.16/turn               (no ring)
MPRegen 0.10/turn               (no ring)

@: no status effects
A: claws 1, yellow scales 1, demonic magic 1
a: no special abilities


You were on level 4 of the Dungeon.
You visited 1 branch of the dungeon, and saw 5 of its levels.

You collected 50 gold pieces.

Inventory:

Hand Weapons
 a - a +0 flail of draining (weapon)
 g - a +0 flail
 i - a +3 short sword
Armour
 b - a +0 scale mail (worn)
 c - a +0 buckler (worn)
 h - a +0 leather armour
Scrolls
 e - 3 scrolls of identify
 j - a scroll of amnesia {unknown}
Potions
 d - a potion of mutation {unknown}
 f - a potion of ambrosia


   Skills:
 + Level 4.1 Fighting
 * Level 4.0 Maces & Flails
 + Level 3.6 Armour
 + Level 3.7 Shields


You had 5 spell levels left.
You didn't know any spells.
Your spell library was empty.

Dungeon Overview and Level Annotations

Branches:
Dungeon (5/15)
 Temple: D:4-7

Altars:

Shops:
D:4 **


Innate Abilities, Weirdness & Mutations

You have sharp fingernails.
You are partially covered in yellow scales. (AC +2)
Spells you cast may paralyse adjacent enemies.


Message History

The hound closely misses you.
You escape the ball python's grasp.
The hound bites you but does no damage.
You closely miss the ball python. The hound completely misses you.
The ball python barely misses you. The ball python closely misses you.
The hound bites you but does no damage. The ball python barely misses you.
The ball python grabs you. The ball python constricts you.
You closely miss the ball python. You block the hound's attack.
You block the ball python's attack. The ball python constricts you.
The hound bites you.
* * * LOW HITPOINT WARNING * * *
You closely miss the ball python. The hound bites you but does no damage.
The ball python bites you but does no damage.
The ball python constricts you.
* * * LOW HITPOINT WARNING * * *
The hound barely misses you.
The ball python bites you but does no damage.
The ball python constricts you.
You thump the ball python!
You kill the ball python!
The hound closely misses you. The hound bites you but does no damage.
You are too injured to fight recklessly!
You hit the hound. You drain the hound.
You kill the hound!
Your Maces & Flails skill increases to level 4!
Found a scroll labelled GAFOUQ HOMMOM.
d - a fuming clear potion
There are no items here.
A jelly comes into view.
The jelly quivers.
The jelly jiggles.
The jelly jiggles.
You see here a scroll labelled GAFOUQ HOMMOM.
j - a scroll labelled GAFOUQ HOMMOM You hit the jelly.
Your claws burn!
* * * LOW HITPOINT WARNING * * *
The jelly is lightly wounded.
The jelly hits you.
* * * LOW HITPOINT WARNING * * *
You are splashed with acid!
You die...

(##.....##... ###.....##.#...
###.....##.#### ## ...######
..# .....# #.# .⌠∩⌠.#
#.####### .....# # #.........
.....#####.######.........
................@...........
.⌠∩⌠............J...........#
............................#
####........................#
#.......................#
.......................#
.......................#
......................#
.................†...#


You could see a jelly.

Vanquished Creatures
  A black bear (D:4)
  A scorpion (D:4)
  A hound (D:4)
  2 iguanas
  3 adders (D:3)
  3 worms (D:3)
  6 orcs
  4 endoplasms
  A giant cockroach (D:4)
  3 goblins
  4 hobgoblins
  4 jackals (D:4)
  A kobold (D:3)
  3 quokkas
  3 ball pythons (D:4)
  A rat (D:3)
41 creatures vanquished.

Notes
Turn   | Place    | Note
-------+----------+-------------------------------------------
     0 | D:1      | GreyOathDragon the Demonspawn Fighter began the quest for
                  | the Orb.
     0 | D:1      | Reached XP level 1. HP: 18/18 MP: 1/1
     0 | D:1      | Noticed a tengu
     1 | D:1      | Noticed a ghoul
     1 | D:1      | Noticed a demonspawn
     3 | D:1      | Noticed a merfolk
     5 | D:1      | Noticed a vine stalker
    12 | D:1      | Noticed a demigod
    13 | D:1      | Noticed a tengu
    17 | D:1      | Noticed a human
    17 | D:1      | Noticed a vampire
    19 | D:1      | Noticed a vampire
   180 | D:3      | Gained mutation: You are partially covered in yellow
                  | scales. (AC +2) [demonic ancestry]
   180 | D:3      | Reached XP level 2. HP: 20/24 MP: 2/2
   296 | D:3      | Reached XP level 3. HP: 26/29 MP: 3/3
   360 | D:3      | Gained mutation: You have sharp fingernails. [demonic
                  | ancestry]
   360 | D:3      | Reached XP level 4. HP: 13/35 MP: 4/4
   375 | D:4      | Noticed a black bear
   394 | D:4      | Killed a black bear
   395 | D:4      | Gained mutation: Spells you cast may paralyse adjacent
                  | enemies. [demonic ancestry]
   395 | D:4      | Reached XP level 5. HP: 11/42 MP: 5/5
   522 | D:4      | Found Woiv's Specific Store.
   555 | D:4      | Found Puadwev's General Store.
   627 | D:5      | Entered Level 5 of the Dungeon
   639 | D:5      | Reached XP level 6. HP: 12/48 MP: 6/6
   886 | D:4      | Splashed by a jelly's acid

Illustrated notes

Levels and vault maps discovered:
D:1:      shiori_arrival_whats_in_store_for_you, layout_basic,
          shapermc_ecumenical_altar_mp_vishouse
D:2:      layout_basic
D:3:      layout_basic, serial_glass, glass_columns_a, glass_columns_a,
          glass_columns_b, glass_columns_b, glass_columns_a, glass_columns_c,
          glass_columns_a, glass_columns_b, hangedman_abyss_or_decor_stabs,
          minivault_5, minmay_vboxes
D:4:      cheibrodos_pilgrimage, layout_basic, nicolae_overflows_in_rows,
          nicolae_specific_store, minmay_misc_feat_columns
D:5:      minmay_goblin_kobold_castle, layout_rooms, lemuel_flamethrower_2,
          uniq_sigmund, uniq_edmund, uniq_menkaure

Skill      XL: |  1  2  3  4  5  6 |
---------------+-------------------+-----
Maces & Flails | 2 3 4 |  4.0
Armour         | 3 |  3.6
Shields        | 3 |  3.7
Fighting       | 4 |  4.1

Action                   |  1- 3 |  4- 6 || total
-------------------------+-------+-------++-------
Melee: Flail             |    57 |    83 ||   140
  Use: Scroll            |     2 |       ||     2
       Potion            |       |     1 ||     1
Armor: Scale mail        |    21 |    78 ||    99
Dodge: Dodged            |    16 |    76 ||    92
Block: Buckler           |     8 |    35 ||    43
